 Dungeon Sprint DCSS version 0.26-a0-812-g31a745ddcd (webtiles) character file.

Game seed: 1119827297767554550

4 tsouns the Skirmisher (level 1, -1/18 HPs)
             Began as a Mummy Berserker on Dec 6, 2020.
             Was a Believer of Trog.
             Slain by an ogre
             ... wielding a +0 giant club
              (19 damage)
             ... in the Dungeon (Sprint IX: "|||||||||||||||||||||||||||||").
             The game lasted 00:00:53 (288 turns).

tsouns the Skirmisher (Mummy Berserker)              Turns: 288, Time: 00:00:54

Health: -1/18      AC:  2    Str: 20    XL:     1   Next: 58%
Magic:  1/1        EV: 12    Int:  6    God:    Trog [**....]
Gold:   0          SH:  0    Dex: 11    Spells: 0/0 levels left

rFire    x . .     SeeInvis .   a - +0 falchion
rCold    + . .     Faith    .   (no shield)
rNeg     + + +     Spirit   .   b - +0 animal skin
rPois    ∞         Reflect  .   (no helmet)
rElec    .         Harm     .   (no cloak)
rCorr    .         Rampage  .   (no gloves)
MR       ++...     NoTele   +   (no boots)
Stlth    +.........             (no amulet)
HPRegen  1.06/turn              (no ring)
MPRegen  0.07/turn              (no ring)

@: regenerating
A: no potions, fire vulnerability, cold resistance 1, negative energy resistance
3, torment resistance, unbreathing
a: Trog's Hand, Renounce Religion


You were in the Dungeon.
You worshipped Trog.
Trog was pleased with you.
You visited 1 branch

Inventory:

Hand Weapons
 a - a +0 falchion (weapon)
Armour
 b - a +0 animal skin (worn)
Scrolls
 c - a scroll of blinking


   Skills:
 + Level 3.4 Fighting
 + Level 2.8 Long Blades
 + Level 2.1 Armour
 + Level 2.0 Dodging


You couldn't memorise any spells.
You didn't know any spells.
Your spell library was empty.

Dungeon Overview and Level Annotations

Branches:
Dungeon (1/1)

Altars:


Innate Abilities, Weirdness & Mutations

You do not drink.
Your flesh is vulnerable to fire.
You are immune to poison.
Your flesh is cold resistant. (rC+)
You are immune to negative energy. (rN+++)
You are immune to unholy pain and torment.
You can survive without breathing.


Message History

You see here a bat skeleton.
You open the door.
A centaur, 3 ogres and a zombie come into view.
The ogre shouts!
The centaur shouts!
The ogre shouts! x2
Okay, then.
You can't drink.
Your skin crawls.
You feel resistant to hostile enchantments.
The ogre barely misses you.
You riposte.
You hit the ogre.
The ogre is lightly wounded.
Unknown command.
You hit the ogre.
The ogre is lightly wounded.
The ogre barely misses you.
You riposte.
You slash the ogre!
The ogre is heavily wounded.
You hit the ogre.
The ogre is severely wounded.
The ogre hits you with a +0 giant club!!
Ouch! That really hurt!
You die...

▓.▓
▓.▓
▓.▓
▓)▓
▓.▓
▓)▓
▓÷▓
▓÷▓
▓@▓
▓O▓
▓O▓
▓O▓
▓c▓
▓Z▓
▓.▓
▓+▓


You could see 3 ogres, a centaur and a bat zombie.

Vanquished Creatures
  2 bats (D)
  3 kobolds (D)
5 creatures vanquished.

Notes
Turn   | Place    | Note
-------+----------+-------------------------------------------
     0 | D        | tsouns the Mummy Berserker began the quest for the Orb.
     0 | D        | Reached XP level 1. HP: 18/18 MP: 1/1
     8 | D        | Reached ** piety under Trog
   285 | D        | Noticed an ogre
   285 | D        | Noticed an ogre
   285 | D        | Noticed an ogre
   285 | D        | Noticed a centaur
   288 | D        | Slain by an ogre

Illustrated notes

Levels and vault maps discovered:
D:        linesprint [early_d, line_temple, items_1, d_10, items_2, lair_1,
          lair_end, items_3, orc_1, orc_end, items_4, d_15, swamp_1, shoals_1,
          snake_1, spider_1, d_20, vaults_1, items_5, swamp_end, shoals_end,
          snake_end, spider_end, vaults_end, d_27, items_6, zot_1, zot_end,
          crypt_end, forest_end, elf_end, slime_end, tomb_end, abyss_end,
          pan_hell_end]

Skill      XL: |  1 |
---------------+----+-----
Armour         | 2 |  2.1
Dodging        | 2 |  2.0
Fighting       | |  3.4
Long Blades    | |  2.8

Action                   || total
-------------------------++-------
Melee: Falchion          ||    28
Invok: Trog's Hand       ||     1
Armor: Animal skin       ||     8
Dodge: Dodged            ||    21
       Rpst.: Falchion   ||     8

Table legend: (Time is in decaauts)
 A = Elapsed time spent in this place.
 B = Non-inter-level travel time spent in this place.
 C = Inter-level travel time spent in this place.
 D = Time resting spent in this place.
 E = Time spent auto-exploring this place.
 F = Levels seen in this place.
 G = Mean time per level.
                   A        B        C        D        E       F      G
               +--------+--------+--------+--------+--------+-----+--------+
         Total |    292 |    292 |      0 |    239 |      0 |   1 |  292.0 |
       Dungeon |    292 |    292 |      0 |    239 |      0 |   1 |  292.0 |
               +--------+--------+--------+--------+--------+-----+--------+

Top non-repeatable levels by time:
       D: 292 daAuts
